SL
ATHLETIC CLUB KC @ BUCKHEAD BOWTIES
04/17/2033
 
TOP OF THE 1ST
Athletic Club KC batting - Pitching for Buckhead Bowties : RHP David Buchanan
Pitching: RHP David Buchanan
Batting: RHB Jesús Vargas 0-0: Ground out 5-3 (Groundball, 5)
Batting: LHB Wu-shun Chu 0-0: Called Strike
0-1: Foul Ball, location: 2F
0-2: Ball
1-2: Strikes out swinging
Batting: SHB Pedro Vázquez 0-0: Called Strike
0-1: Ball
1-1: Called Strike
1-2: Ground out 4-3 (Groundball, 4)
Top of the 1st over - 0 runs, 0 hits, 0 errors, 0 left on base; Athletic Club KC 0 - Buckhead 0
BOTTOM OF THE 1ST
Buckhead Bowties batting - Pitching for Athletic Club KC : RHP Ton Jobse
Pitching: RHP Ton Jobse
Batting: LHB Roberto Salazar 0-0: Foul Ball, location: 2F
0-1: Swinging Strike
0-2: Foul Ball, location: 2F
0-2: Ground out 5-3 (Groundball, 56)
Batting: LHB Félix López 0-0: Ball
1-0: Ball
2-0: Called Strike
2-1: Foul Ball, location: 2F
2-2: Ball
3-2: Foul Ball, location: 2F
3-2: Ground out 4-3 (Groundball, 4)
Batting: RHB Derek Bangert 0-0: DOUBLE (Flyball, 89D)
Batting: LHB Yu-zeng Si 0-0: Ball
1-0: Ball
2-0: Foul Ball, location: 2F
2-1: Ball
3-1: Swinging Strike
3-2: Base on Balls
Batting: RHB Richard Jost 0-0: Foul Ball, location: 2F
0-1: Ball
1-1: Foul Ball, location: 2F
1-2: Strikes out looking
Bottom of the 1st over - 0 runs, 1 hit, 0 errors, 2 left on base; Athletic Club KC 0 - Buckhead 0
TOP OF THE 2ND
Athletic Club KC batting - Pitching for Buckhead Bowties : RHP David Buchanan
Batting: LHB Tsai Ng 0-0: Ball
1-0: Swinging Strike
1-1: Called Strike
1-2: Strikes out looking
Batting: RHB Andrés Medina 0-0: Called Strike
0-1: Foul Ball, location: 2F
0-2: Foul Ball, location: 2F
0-2: Foul Ball, location: 2F
0-2: Fly out, F8 (Flyball, 8LD)
Batting: LHB Shojiro Ueda 0-0: DOUBLE (Groundball, 5L)
Batting: LHB Ramón Morterero 0-0: Ball
1-0: Fly out, F9 (Line Drive, 9)
Top of the 2nd over - 0 runs, 1 hit, 0 errors, 1 left on base; Athletic Club KC 0 - Buckhead 0
BOTTOM OF THE 2ND
Buckhead Bowties batting - Pitching for Athletic Club KC : RHP Ton Jobse
Batting: RHB Daniel McCoy 0-0: Ball
1-0: Called Strike
1-1: Swinging Strike
1-2: Ball
2-2: Ball
3-2: Foul Ball, location: 2F
3-2: Ground out 6-3 (Groundball, 6M)
Batting: RHB Raúl Ruíz 0-0: Foul Ball, location: 2F
0-1: Ball
1-1: Ball
2-1: Ground out 5-3 (Groundball, 56)
Batting: SHB Seishiro Nishimura 0-0: Ball
1-0: Ground out 6-3 (Groundball, 6)
Bottom of the 2nd over - 0 runs, 0 hits, 0 errors, 0 left on base; Athletic Club KC 0 - Buckhead 0
TOP OF THE 3RD
Athletic Club KC batting - Pitching for Buckhead Bowties : RHP David Buchanan
Batting: SHB Akihiko Fujii 0-0: Fly out, F3 (Popup, 3SF)
Batting: RHB Roger Caffyn 0-0: Foul Ball, location: 2F
0-1: Called Strike
0-2: Ball
1-2: Ball
2-2: Strikes out swinging
Batting: RHB Jesús Vargas 0-0: Ball
1-0: Fly out, F8 (Flyball, 8RXD)
Top of the 3rd over - 0 runs, 0 hits, 0 errors, 0 left on base; Athletic Club KC 0 - Buckhead 0
BOTTOM OF THE 3RD
Buckhead Bowties batting - Pitching for Athletic Club KC : RHP Ton Jobse
Batting: RHB Kevin Baxter 0-0: Reached on error, E5 (Groundball, 5)
Batting: LHB Roberto Salazar 0-0: Called Strike
0-1: Ball
1-1: Ball
2-1: Called Strike
2-2: Strikes out looking
Batting: LHB Félix López 0-0: Ball
1-0: Ground out U3 (Groundball, 34)
Kevin Baxter to third
Batting: RHB Derek Bangert 0-0: Ground out 6-3 (Groundball, 6)
Bottom of the 3rd over - 0 runs, 0 hits, 1 error, 1 left on base; Athletic Club KC 0 - Buckhead 0
TOP OF THE 4TH
Athletic Club KC batting - Pitching for Buckhead Bowties : RHP David Buchanan
Batting: LHB Wu-shun Chu 0-0: Ball
1-0: Foul Ball, location: 2F
1-1: Foul Ball, location: 2F
1-2: Foul Ball, location: 2F
1-2: Ball
2-2: Ball
3-2: Foul Ball, location: 2F
3-2: SINGLE (Line Drive, 78S)
Batting: SHB Pedro Vázquez 0-0: Called Strike
0-1: Ball
1-1: Ball
2-1: Foul Ball, location: 2F
2-2: Fly out, F4 (Popup, 34D)
Batting: LHB Tsai Ng 0-0: Called Strike
0-1: Ball
1-1: Called Strike
Wu-shun Chu steals 2nd base
1-2: Fly out, F8 (Flyball, 8LM)
Batting: RHB Andrés Medina 0-0: Swinging Strike
0-1: Ball
1-1: Swinging Strike
1-2: Foul Ball, location: 2F
1-2: Foul Ball, location: 2F
1-2: Strikes out swinging
Top of the 4th over - 0 runs, 1 hit, 0 errors, 1 left on base; Athletic Club KC 0 - Buckhead 0
BOTTOM OF THE 4TH
Buckhead Bowties batting - Pitching for Athletic Club KC : RHP Ton Jobse
Batting: LHB Yu-zeng Si 0-0: Ball
1-0: Swinging Strike
1-1: Called Strike
1-2: Strikes out swinging
Batting: RHB Richard Jost 0-0: Called Strike
0-1: Called Strike
0-2: Ball
1-2: Strikes out swinging
Batting: RHB Daniel McCoy 0-0: Called Strike
0-1: Swinging Strike
0-2: SINGLE (Line Drive, 6MD)
Batting: RHB Raúl Ruíz 0-0: Called Strike
0-1: Ball
1-1: Called Strike
1-2: Fly out, F7 (Flyball, 7)
Bottom of the 4th over - 0 runs, 1 hit, 0 errors, 1 left on base; Athletic Club KC 0 - Buckhead 0
TOP OF THE 5TH
Athletic Club KC batting - Pitching for Buckhead Bowties : RHP David Buchanan
Pitching: RHP Ignacio Ayala
Batting: LHB Shojiro Ueda 0-0: Foul Ball, location: 2F
0-1: Ball
1-1: Fly out, F8 (Flyball, 8LM)
Batting: LHB Ramón Morterero 0-0: Ball
1-0: Called Strike
1-1: Ball
2-1: Ball
3-1: Fly out, F7 (Line Drive, 78S)
Batting: SHB Akihiko Fujii 0-0: Swinging Strike
0-1: Foul Ball, location: 2F
0-2: Foul Ball, location: 2F
0-2: Ball
1-2: Ball
2-2: Ball
3-2: Foul Ball, location: 2F
3-2: Base on Balls
Batting: RHB Roger Caffyn 0-0: Called Strike
0-1: Called Strike
0-2: Ball
1-2: Strikes out swinging
Top of the 5th over - 0 runs, 0 hits, 0 errors, 1 left on base; Athletic Club KC 0 - Buckhead 0
BOTTOM OF THE 5TH
Buckhead Bowties batting - Pitching for Athletic Club KC : RHP Ton Jobse
Pitching: RHP Ángel Rivera
Batting: SHB Seishiro Nishimura 0-0: Ball
1-0: Foul Ball, location: 2F
1-1: Ball
2-1: Ball
3-1: Ground out 6-3 (Groundball, 56)
Batting: RHB Kevin Baxter 0-0: Called Strike
0-1: Foul Ball, location: 2F
0-2: Foul Ball, location: 2F
0-2: Ball
1-2: Strikes out looking
Batting: LHB Roberto Salazar 0-0: Called Strike
0-1: Ball
1-1: Ground out 6-3 (Groundball, 6)
Bottom of the 5th over - 0 runs, 0 hits, 0 errors, 0 left on base; Athletic Club KC 0 - Buckhead 0
TOP OF THE 6TH
Athletic Club KC batting - Pitching for Buckhead Bowties : RHP Ignacio Ayala
Batting: RHB Jesús Vargas 0-0: Fly out, F4 (Popup, 4MD)
Batting: LHB Wu-shun Chu 0-0: Fly out, F7 (Flyball, 78S)
Batting: SHB Pedro Vázquez 0-0: Foul Ball, location: 2F
0-1: Ball
1-1: Ground out 5-3 (Groundball, 56)
Top of the 6th over - 0 runs, 0 hits, 0 errors, 0 left on base; Athletic Club KC 0 - Buckhead 0
BOTTOM OF THE 6TH
Buckhead Bowties batting - Pitching for Athletic Club KC : RHP Ángel Rivera
Batting: LHB Félix López 0-0: SINGLE (Groundball, 34D)
Batting: RHB Derek Bangert 0-0: Called Strike
0-1: Ball
1-1: Ball
2-1: Ball
3-1: SINGLE (Flyball, 89S)
Félix López to second
Runner from 2nd tries for 3rd, SAFE, no throw
Batting: LHB Yu-zeng Si 0-0: Ground out 4-3 (Groundball, 4)
Derek Bangert to second
Batting: RHB Richard Jost 0-0: Ground out 5-3 (Groundball, 5S)
Batting: RHB Daniel McCoy 0-0: Ball
1-0: Ground out 6-3 (Groundball, 6)
Bottom of the 6th over - 0 runs, 2 hits, 0 errors, 2 left on base; Athletic Club KC 0 - Buckhead 0
TOP OF THE 7TH
Athletic Club KC batting - Pitching for Buckhead Bowties : RHP Ignacio Ayala
Batting: LHB Tsai Ng 0-0: Ball
1-0: Fly out, F4 (Popup, 4M)
Batting: RHB Andrés Medina 0-0: Ball
1-0: Ball
2-0: Ground out 4-3 (Groundball, 4)
Batting: LHB Shojiro Ueda 0-0: Ball
1-0: Swinging Strike
1-1: Fly out, F8 (Flyball, 8RD)
Top of the 7th over - 0 runs, 0 hits, 0 errors, 0 left on base; Athletic Club KC 0 - Buckhead 0
BOTTOM OF THE 7TH
Buckhead Bowties batting - Pitching for Athletic Club KC : RHP Ángel Rivera
Batting: RHB Raúl Ruíz 0-0: Ball
1-0: Swinging Strike
1-1: SINGLE (Line Drive, 78M)
Batting: SHB Seishiro Nishimura 0-0: Called Strike
0-1: Bunted foul
0-2: Fly out, F8 (Flyball, 78D)
Pinch Hitting: LHB José Valéncia 0-0: Ball
1-0: Called Strike
1-1: Fly out, F8 (Line Drive, 8RD)
Pinch Hitting: RHB Gabriel Maldonado 0-0: Foul Ball, location: 2F
0-1: Foul Ball, location: 2F
0-2: Fly out, F8 (Line Drive, 78M)
Bottom of the 7th over - 0 runs, 1 hit, 0 errors, 1 left on base; Athletic Club KC 0 - Buckhead 0
TOP OF THE 8TH
Athletic Club KC batting - Pitching for Buckhead Bowties : RHP Ignacio Ayala
Now in LF: Shunso Kiyomizu
Now in CF: José Valéncia
Batting: LHB Ramón Morterero 0-0: Called Strike
0-1: Ball
1-1: Foul Ball, location: 2F
1-2: Foul Ball, location: 2F
1-2: Fly out, F5 (Line Drive, 5F)
Batting: SHB Akihiko Fujii 0-0: Ball
1-0: Foul Ball, location: 2F
1-1: Fly out, F7 (Flyball, 7LD)
Pinch Hitting: LHB Pablo Hernández 0-0: Ball
1-0: DOUBLE (Line Drive, 9LD)
Pinch Runner at 2nd Carlos Rodríguez:
Pinch Hitting: RHB Colin Bottone 0-0: Ball
1-0: Foul Ball, location: 2F
1-1: Foul Ball, location: 2F
1-2: Foul Ball, location: 2F
1-2: Ball
2-2: Ball
3-2: DOUBLE (Line Drive, 78D)
Carlos Rodríguez scores
Pinch Hitting: LHB Matt Herman 0-0: Called Strike
0-1: Swinging Strike
0-2: Foul Ball, location: 2F
0-2: Ball
1-2: Strikes out looking
Top of the 8th over - 1 run, 2 hits, 0 errors, 1 left on base; Athletic Club KC 1 - Buckhead 0
BOTTOM OF THE 8TH
Buckhead Bowties batting - Pitching for Athletic Club KC : RHP Ángel Rivera
Now at SS: Colin Bottone
Now in CF: Richard Younger
Now in RF: Manuel Domínguez
Batting: LHB Félix López 0-0: Ball
1-0: Ball
2-0: Ball
3-0: Called Strike
3-1: Ground out 5-3 (Groundball, 56)
Pinch Hitting: RHB Emílio Agramónte 0-0: Ball
1-0: Ground out 6-3 (Groundball, 6)
Batting: LHB Yu-zeng Si 0-0: Swinging Strike
0-1: Ball
1-1: Ball
2-1: SOLO HOME RUN (Line Drive, 9LD), Distance : 359 ft
Batting: RHB Richard Jost 0-0: Called Strike
0-1: Ball
1-1: Foul Ball, location: 2F
1-2: Ball
2-2: Ball
3-2: Ground out 6-3 (Groundball, 6)
Bottom of the 8th over - 1 run, 1 hit, 0 errors, 0 left on base; Athletic Club KC 1 - Buckhead 1
TOP OF THE 9TH
Athletic Club KC batting - Pitching for Buckhead Bowties : RHP Ignacio Ayala
Now at 1B: Emílio Agramónte
Pinch Hitting: RHB Khal Drogo 0-0: Ball
1-0: Fly out, F4 (Line Drive, 4M)
Pinch Hitting: RHB Dewey Nauss 0-0: Ball
1-0: Fly out, F3 (Popup, 34S)
Pinch Hitting: RHB Cristóbal Covarrubiois 0-0: Called Strike
0-1: Swinging Strike
0-2: Ball
1-2: Ball
2-2: Ball
3-2: Foul Ball, location: 2F
3-2: Foul Ball, location: 2F
3-2: Ground out 5-3 (Groundball, 56)
Top of the 9th over - 0 runs, 0 hits, 0 errors, 0 left on base; Athletic Club KC 1 - Buckhead 1
BOTTOM OF THE 9TH
Buckhead Bowties batting - Pitching for Athletic Club KC : RHP Ángel Rivera
Now at 3B: Sul-shik Yu
Now at SS: Khal Drogo
Now in LF: Abeni Mbanefo
Pinch Hitting: LHB Edwin Church 0-0: Swinging Strike
0-1: Fly out, F8 (Line Drive, 89XD)
Pinch Hitting: RHB Todd Sentell 0-0: Called Strike
0-1: Ball
1-1: Foul Ball, location: 2F
1-2: Ground out 5-3 (Groundball, 56S)
Batting: LHB Jim Halpert 0-0: Ball
1-0: Swinging Strike
1-1: SINGLE (Line Drive, 6MD)
Pitching: LHP António Hernández
Pinch Hitting: RHB Jorge Díaz 0-0: Fly out, F9 (Flyball, 9D)
Bottom of the 9th over - 0 runs, 1 hit, 0 errors, 1 left on base; Athletic Club KC 1 - Buckhead 1
TOP OF THE 10TH
Athletic Club KC batting - Pitching for Buckhead Bowties : RHP Ignacio Ayala
Now at 2B: Edwin Church
Now in LF: Todd Sentell
Now in RF: Jorge Díaz
Pinch Hitting: RHB Pedro Solís 0-0: Ball
1-0: DOUBLE (Groundball, 5L)
Batting: LHB Ramón Morterero 0-0: Called Strike
0-1: DOUBLE (Flyball, 8LXD)
Pedro Solís scores
Batting: SHB Akihiko Fujii 0-0: Intentional Walk
Pitching: RHP Yoshii Ikeda
Batting: LHB Manuel Domínguez 0-0: Called Strike
0-1: Swinging Strike
0-2: Strikes out swinging
Batting: RHB Colin Bottone 0-0: Called Strike
0-1: Fielders Choice at 2nd, 3-6 (Groundball, 34)
Ramón Morterero to third
Batting: RHB Richard Younger 0-0: Foul Ball, location: 2F
0-1: Foul Ball, location: 2F
0-2: Foul Ball, location: 2F
0-2: Strikes out looking
Top of the 10th over - 1 run, 2 hits, 0 errors, 2 left on base; Athletic Club KC 2 - Buckhead 1
BOTTOM OF THE 10TH
Buckhead Bowties batting - Pitching for Athletic Club KC : LHP António Hernández
Now at 1B: Pedro Solís
Batting: LHB Shunso Kiyomizu 0-0: Ball
1-0: Called Strike
1-1: Ball
2-1: Foul Ball, location: 2F
2-2: Foul Ball, location: 2F
2-2: Ball
3-2: Base on Balls
Batting: LHB Félix López 0-0: Foul Ball, location: 2F
0-1: Ball
1-1: Ball
2-1: Foul Ball, location: 2F
2-2: Ball
3-2: Hit by Pitch
Shunso Kiyomizu to second
Batting: RHB Emílio Agramónte 0-0: Ball
1-0: Called Strike
1-1: Ball
2-1: Grounds into double play, 6-4-3 (Groundball, 6)
Shunso Kiyomizu to third
Batting: LHB Yu-zeng Si 0-0: Ball
1-0: Swinging Strike
1-1: Ball
2-1: 2-RUN HOME RUN (Flyball, 9LD), Distance : 341 ft
Saturday, December 22nd, 2018 - OOTP Baseball 18.8 Build 76